Map: Pendiente de Agustín EE

Players

MrFercho - Winner!

  • Race: Zerg Zerg
  • League: Silver
  • Spawn Location: 11:00

TATORREA - Winner!

  • Race: Protoss Protoss
  • League: Silver
  • Spawn Location: 12:00

tigro - Winner!

  • Race: Terran Terran
  • League: Bronze
  • Spawn Location: 12:00

Tiger

  • Race: Zerg Zerg
  • League: Silver
  • Spawn Location: 6:00

lurkmoar

  • Race: Protoss Protoss
  • Spawn Location: 6:00

bardock

  • Race: Terran Terran
  • Spawn Location: 5:00

VOD

Have the link to the VOD?

Description

Time

  • Played on: June 23, 2020, 8:37 p.m.
  • Length: 14:42
Show
View Real Time Build Order
Export as new Build Order

MrFercho Zerg - Winner!

Build Orders: Hatch First, Lurkers 

Get SALT Encoding   

  12  0:01  Drone  
  13  0:10  Drone  
  14  0:25  Overlord  
  14  0:44  Hatchery  
  14  0:46  Drone  
  14  0:53  Drone x2  
  16  1:11  Spawning Pool  
  15  1:14  Drone  
  15  1:17  Drone  
  17  1:21  Drone  
  18  1:29  Drone  
  19  1:34  Extractor  
  19  1:39  Drone  
  19  1:50  Drone  
  20  1:56  Drone  
  21  2:03  Queen x2  
  21  2:05  Overlord  
  25  2:09  Overlord  
  25  2:12  Drone  
  26  2:17  Drone  
  28  2:22  Drone  
  28  2:28  Drone  
  29  2:33  Drone  
  30  2:39  Drone  
  31  2:52  Drone x2  
  31  2:54  Queen, Spine Crawler  
  31  2:55  Spine Crawler  
  33  3:00  Lair  
  33  3:04  Drone  
  34  3:06  Drone  
  34  3:10  Drone  
  34  3:12  Extractor  
  35  3:13  Drone  
  35  3:18  Drone  
  37  3:22  Overlord  
  37  3:25  Drone x2  
  37  3:26  Drone  
  40  3:28  Drone  
  40  3:29  Drone  
  42  3:37  Drone x2  
  44  3:50  Roach Warren  
  43  3:56  Drone x6  
  43  3:57  Drone  
  43  3:59  Overlord  
  50  4:05  Overlord x2  
  50  4:13  Extractor  
  49  4:33  Evolution Chamber  
  48  4:47  Zergling x2  
  48  4:49  Roach x3  
  48  4:50  Roach x5  
  48  4:52  Glial Reconstitution  
  65  4:55  Hatchery  
  64  5:00  Zerg Missile Weapons Level 1  
  64  5:06  Drone x2  
  66  5:07  Hydralisk Den  
  66  5:10  Drone x2  
  66  5:12  Overlord  
  67  5:33  Overseer  
  67  5:37  Drone x2  
  67  5:38  Drone x5  
  74  5:53  Overlord x3  
  74  5:54  Drone x2  
  76  6:04  Muscular Augments  
  76  6:08  Evolution Chamber  
  75  6:12  Lurker Den  
  75  6:14  Drone x4  
  75  6:15  Extractor, Drone  
  78  6:22  Drone x2  
  80  6:28  Extractor  
  80  6:30  Drone  
  80  6:31  Extractor, Drone x3  
  82  6:33  Overlord x5  
  82  6:38  Hatchery  
  81  6:40  Overseer  
  81  6:43  Overseer  
  65  7:03  Hydralisk x6  
  65  7:04  Hydralisk x3  
  65  7:07  Drone  
  84  7:15  Grooved Spines  
  84  7:27  Drone  
  84  7:28  Drone x5  
  90  7:33  Zerg Missile Weapons Level 2  
  90  7:39  Zerg Ground Armor Level 1  
  90  7:44  Infestation Pit  
  89  7:55  Hatchery, Drone  
  89  7:56  Drone x6  
  89  7:57  Hatchery  
  94  8:02  Hydralisk  
  94  8:03  Hydralisk x3  
  102  8:10  Lurker  
  103  8:17  Drone x4  
  107  8:22  Hive  
  107  8:36  Drone x8  
  115  8:50  Spine Crawler  
  115  8:52  Spore Crawler  
  115  8:54  Spine Crawler, Drone x2  
  115  8:55  Drone x7  
  121  9:07  Drone x6  
  127  9:14  Extractor  
  126  9:23  Spore Crawler  
  125  9:24  Spine Crawler  
  125  9:28  Spine Crawler  
  123  9:41  Hydralisk, Spire  
  123  9:42  Hydralisk x12  
  123  9:43  Hydralisk  
  123  9:44  Spire  
  149  9:54  Extractor  
  149  9:55  Drone  
  149  9:56  Drone x7  
  149  9:57  Drone x4  
  149  9:58  Drone  
  161  10:10  Hydralisk  
  163  10:18  Overlord  
  163  10:19  Overlord x7  
  163  10:23  Spore Crawler  
  162  10:50  Hydralisk  
  162  10:51  Hydralisk x16  
  162  10:54  Overseer  
  162  10:55  Lurker x3  
  199  11:01  Overseer  
  179  12:36  Hydralisk x16  
  186  12:37  Hydralisk x2  
  186  12:39  Pneumatized Carapace  
  138  13:00  Corruptor  
  138  13:01  Corruptor x11  
  158  13:13  Hydralisk x6  
Show
View Real Time Build Order
Export as new Build Order

TATORREA Protoss - Winner!

Build Orders: Carriers 

Get SALT Encoding   

  12  0:06  Probe  
  13  0:18  Probe  
  14  0:23  Pylon  
  14  0:30  Probe  
  15  0:42  Probe  
  16  0:44  Gateway  
  16  0:54  Probe  
  17  1:11  Probe  
  18  1:19  Probe  
  18  1:21  Assimilator  
  18  1:23  Assimilator  
  19  1:27  Probe  
  19  1:32  Pylon  
  20  1:35  Probe  
  20  1:36  Pylon  
  20  1:38  Cybernetics Core  
  21  1:44  Probe  
  21  1:53  Probe  
  22  2:05  Probe  
  23  2:18  Nexus  
  23  2:22  Probe  
  23  2:23  Pylon  
  24  2:30  Probe  
  24  2:33  Warp Gate  
  25  2:38  Probe  
  26  2:50  Probe  
  26  2:51  Stargate  
  27  3:01  Stalker  
  27  3:02  Probe  
  30  3:14  Probe  
  30  3:18  Stargate  
  31  3:22  Probe  
  32  3:27  Probe  
  32  3:30  Probe  
  33  3:35  Probe  
  33  3:41  Probe  
  35  3:44  Assimilator  
  35  3:45  Probe  
  35  3:46  Assimilator  
  37  3:49  Pylon  
  37  3:53  Probe  
  38  3:57  Probe  
  39  4:05  Probe  
  39  4:08  Fleet Beacon  
  39  4:09  Probe  
  41  4:17  Probe  
  41  4:21  Probe  
  43  4:29  Probe, Nexus  
  44  4:34  Pylon  
  44  4:35  Probe  
  45  4:41  Probe  
  45  4:44  Stalker  
  48  4:47  Probe  
  49  4:53  Probe  
  49  4:56  Probe  
  51  5:01  Probe  
  51  5:04  Probe  
  52  5:09  Probe  
  52  5:11  Carrier  
  52  5:13  Probe  
  60  5:15  Tempest  
  60  5:20  Probe  
  66  5:25  Probe  
  68  5:28  Pylon  
  68  5:32  Probe  
  68  5:33  Pylon  
  69  5:38  Pylon, Probe  
  69  5:42  Pylon  
  70  5:44  Probe x2  
  72  5:50  Probe  
  72  5:56  Probe x2  
  75  5:58  Assimilator  
  75  6:01  Assimilator  
  75  6:02  Probe  
  76  6:08  Probe x2  
  78  6:15  Probe  
  79  6:20  Probe x2  
  79  6:21  Nexus  
  79  6:25  Pylon  
  81  6:27  Pylon, Probe  
  81  6:29  Carrier  
  81  6:30  Pylon  
  81  6:32  Tempest, Probe x2  
  90  6:34  Pylon  
  95  6:43  Probe  
  95  6:44  Probe x2  
  98  6:53  Assimilator  
  98  6:55  Assimilator, Probe  
  98  6:57  Probe  
  98  6:58  Probe  
  101  7:08  Probe  
  102  7:09  Probe  
  102  7:10  Robotics Facility  
  103  7:18  Probe  
  103  7:19  Pylon  
  103  7:20  Probe  
  103  7:22  Probe  
  106  7:23  Pylon  
  106  7:25  Pylon  
  106  7:30  Probe  
  106  7:32  Tempest, Carrier  
  106  7:33  Pylon  
  106  7:34  Pylon  
  118  7:51  Protoss Air Weapons Level 1  
  118  8:00  Nexus  
  118  8:01  Observer  
  118  8:02  Pylon  
  118  8:04  Pylon  
  119  8:13  Stargate  
  119  8:14  Stargate  
  119  8:16  Carrier  
  125  8:23  Cybernetics Core  
  125  8:36  Carrier  
  125  8:40  Observer  
  125  8:41  Protoss Air Armor Level 1  
  132  9:05  Carrier  
  132  9:06  Tempest  
  143  9:18  Protoss Air Weapons Level 2  
  143  9:19  Tempest  
  148  9:41  Carrier  
  154  9:49  Assimilator, Carrier, Observer  
  154  9:50  Assimilator  
  161  10:02  Tempest  
  166  10:08  Tempest  
  171  10:23  Protoss Air Armor Level 2  
  171  10:45  Tempest, Carrier  
  182  10:52  Carrier  
  182  10:53  Tempest  
  193  11:28  Carrier  
  199  11:42  Protoss Air Weapons Level 3  
  189  12:32  Tempest  
Show
View Real Time Build Order
Export as new Build Order

tigro Terran - Winner!

Build Orders:  

Get SALT Encoding   

  12  0:03  SCV  
  13  0:15  SCV  
  14  0:27  Supply Depot, SCV  
  15  0:35  Refinery  
  15  0:48  SCV  
  16  0:53  Barracks  
  16  1:00  SCV  
  16  1:02  Refinery  
  17  1:12  SCV  
  17  1:17  Supply Depot  
  18  1:24  SCV  
  19  1:36  SCV  
  20  1:41  Marine  
  21  1:49  SCV  
  22  1:59  Marine  
  23  2:02  Barracks  
  23  2:05  SCV  
  24  2:17  Marine, SCV  
  26  2:32  Engineering Bay  
  26  2:34  Marine, Orbital Command  
  27  2:52  Marine, Factory  
  27  2:56  Barracks Reactor  
  28  3:14  Barracks Tech Lab  
  28  3:18  Terran Infantry Weapons Level 1  
  28  3:47  Factory Tech Lab  
  28  3:50  Command Center  
  28  4:08  Starport  
  28  4:25  Combat Shield  
  28  4:41  Marine  
  28  4:42  Marine x2  
  31  4:46  Starport  
  31  4:56  Medivac  
  31  4:59  Marine x3  
  34  5:03  Refinery  
  34  5:04  SCV  
  37  5:12  Terran Infantry Armor Level 1  
  37  5:16  SCV  
  37  5:17  Marine x2  
  40  5:28  SCV  
  40  5:29  Refinery  
  41  5:41  SCV, Starport Tech Lab  
  41  5:42  Starport Tech Lab  
  42  5:44  Stimpack  
  42  5:55  Fusion Core  
  42  6:03  SCV  
  43  6:15  SCV  
  44  6:27  SCV  
  45  6:39  SCV  
  46  6:41  Siege Tank  
  46  6:44  Armory  
  46  6:47  Weapon Refit  
  49  6:51  SCV  
  50  7:06  Neosteel Armor  
  50  7:13  Siege Tank  
  53  7:24  Concussive Shells  
  53  7:32  Supply Depot  
  53  7:35  Planetary Fortress  
  53  7:49  Battlecruiser  
  59  7:54  Battlecruiser  
  59  7:55  Supply Depot  
  65  8:15  SCV  
  65  8:18  Supply Depot  
  66  8:27  SCV  
  67  8:33  Command Center  
  67  8:39  SCV  
  68  8:47  Hi-Sec Auto Tracking  
  68  8:51  SCV  
  69  8:56  Missile Turret  
  69  9:03  SCV  
  69  9:08  Battlecruiser  
  69  9:09  Battlecruiser  
  82  9:15  SCV  
  83  9:17  Missile Turret  
  83  9:27  SCV  
  84  9:39  SCV  
  84  9:42  Missile Turret  
  85  9:48  Refinery  
  85  9:51  SCV  
  86  9:55  Marine  
  86  9:57  Marine x2  
  89  10:00  Terran Infantry Weapons Level 2  
  89  10:03  Terran Vehicle Weapons Level 1  
  89  10:04  Refinery  
  89  10:13  Marine  
  90  10:14  Missile Turret  
  90  10:15  Marine x2  
  92  10:29  Planetary Fortress  
  92  10:31  Marine  
  92  10:32  Marine  
  92  10:33  Marine  
  95  10:37  Missile Turret  
  95  10:47  Rapid Reignition System  
  95  10:49  Marine  
  96  10:50  Marine  
  96  10:51  Marine  
  96  10:52  Thor  
  104  11:07  Marine  
  105  11:18  Missile Turret, SCV  
  106  11:29  Battlecruiser  
  106  11:30  SCV  
  113  11:42  SCV  
  113  11:43  Advanced Ballistics  
  114  11:47  Missile Turret  
  114  11:50  Marine x3  
  117  11:54  SCV  
  117  11:57  Terran Ship Weapons Level 1  
  118  12:04  Battlecruiser  
  118  12:06  SCV  
  118  12:07  Missile Turret  
  125  12:16  Terran Infantry Armor Level 2  
  125  12:29  Missile Turret  
  125  13:12  Supply Depot  
  125  13:18  Medivac, Marine x3, SCV  
  112  13:30  SCV  
  112  13:35  Supply Depot  
  112  13:36  Marine x3  
  115  13:42  SCV  
  116  13:53  Marine x3  
  119  13:58  Supply Depot  
  118  14:11  Marine  
  118  14:16  Marine x2  
Show
View Real Time Build Order
Export as new Build Order

Tiger Zerg 

Build Orders: Pool First 

Get SALT Encoding   

  12  2:15  Drone x2  
  14  2:24  Spawning Pool  
  14  2:27  Overlord x2  
  13  2:39  Hatchery  
  13  2:43  Extractor  
  11  2:48  Extractor  
  11  2:50  Drone x2  
  12  3:18  Queen  
  14  3:21  Drone x3  
  17  3:38  Spore Crawler  
  17  3:40  Drone  
  17  3:44  Drone  
  18  3:54  Queen  
  20  3:56  Drone  
  21  4:11  Drone  
  21  4:16  Extractor  
  21  4:20  Lair  
  21  4:40  Drone  
  21  4:43  Overlord x2  
  22  4:49  Drone  
  22  4:50  Drone x2  
  25  4:55  Drone x3  
  28  5:03  Queen  
  30  5:19  Spire  
  29  5:27  Hatchery  
  28  5:30  Drone x2  
  28  5:31  Drone x3  
  33  5:37  Extractor  
  32  6:06  Drone x3  
  35  6:16  Drone  
  35  6:17  Drone x2  
  38  6:37  Overlord x3  
  38  6:42  Zerg Flyer Weapons Level 1  
  38  6:47  Queen  
  38  6:48  Drone  
  41  6:56  Pneumatized Carapace  
  41  7:18  Spire  
  40  7:23  Drone x3  
  43  7:32  Extractor  
  42  7:42  Mutalisk x5  
  42  7:43  Mutalisk x3  
  58  7:49  Drone x2  
  60  8:00  Drone  
  60  8:01  Drone x3  
  64  8:08  Extractor  
  63  8:18  Mutalisk x3  
  63  8:19  Mutalisk x4  
  75  8:26  Drone x2  
  79  8:32  Drone  
  80  8:36  Drone  
  80  8:40  Drone  
  82  8:52  Overlord x4  
  82  8:57  Zerg Flyer Armor Level 1  
  82  8:59  Zerg Flyer Weapons Level 2  
  82  9:47  Drone x2  
  82  9:48  Drone x2  
  86  9:53  Mutalisk x2  
  86  9:54  Mutalisk x3  
  96  10:00  Mutalisk x6  
  96  10:01  Mutalisk x2  
  112  10:13  Overlord x4  
  112  10:45  Infestation Pit  
  111  11:32  Queen  
  111  11:37  Mutalisk  
  111  11:38  Mutalisk x5  
  111  11:39  Mutalisk x4  
  133  11:49  Hatchery  
  78  12:57  Corruptor x5  
  78  12:58  Corruptor x6  
  90  12:59  Corruptor x5  
  90  13:00  Corruptor x2  
Show
View Real Time Build Order
Export as new Build Order

lurkmoar Protoss 

Build Orders:  

Get SALT Encoding   

  12  0:02  Probe  
  13  0:10  Probe  
  14  0:22  Pylon  
  14  0:29  Pylon  
  14  0:36  Probe  
  15  0:48  Probe  
  16  0:59  Forge  
  16  1:05  Gateway  
  16  1:11  Assimilator  
  16  1:13  Assimilator  
  16  1:15  Probe  
  16  1:23  Probe  
  18  1:33  Probe  
  19  1:55  Photon Cannon  
  19  1:58  Photon Cannon  
  19  2:40  Probe  
  20  2:52  Probe  
  20  2:58  Pylon  
  21  3:04  Probe  
  22  3:06  Pylon  
  22  3:09  Pylon  
  22  3:18  Photon Cannon  
  22  3:21  Photon Cannon  
  22  3:24  Pylon  
  22  3:27  Pylon  
  22  3:37  Cybernetics Core  
  22  3:41  Probe  
  23  4:00  Nexus  
  23  4:01  Probe  
  23  4:04  Assimilator  
  23  4:06  Assimilator  
  23  4:09  Probe  
  25  4:19  Probe  
  25  4:22  Shield Battery  
  27  4:31  Probe  
  27  4:34  Shield Battery  
  27  4:43  Probe  
  28  4:53  Photon Cannon  
  28  4:55  Photon Cannon  
  28  4:59  Photon Cannon  
  28  5:03  Stargate  
  28  5:04  Stargate  
  28  5:10  Pylon  
  28  5:12  Probe  
  28  5:20  Probe  
  30  5:29  Probe  
  31  5:40  Probe  
  32  5:49  Probe  
  32  5:52  Probe  
  32  5:56  Void Ray x2  
  32  5:57  Probe  
  43  6:04  Probe  
  43  6:08  Probe  
  45  6:15  Probe  
  46  6:20  Probe  
  46  6:23  Probe  
  47  6:28  Probe  
  47  6:31  Probe  
  49  6:36  Probe  
  49  6:39  Void Ray x2  
  58  6:43  Probe  
  60  7:17  Stargate  
  60  7:19  Stargate  
  60  7:21  Stargate  
  60  7:22  Void Ray x2  
  68  7:41  Probe  
  69  8:02  Void Ray  
  69  8:04  Void Ray  
  69  8:05  Void Ray  
  81  8:07  Nexus  
  81  8:10  Pylon  
  81  8:11  Pylon  
  81  8:15  Pylon  
  81  8:33  Photon Cannon x2  
  81  8:36  Photon Cannon  
  81  8:37  Photon Cannon  
  81  8:38  Photon Cannon  
  81  8:42  Photon Cannon  
  81  8:46  Shield Battery  
  81  8:49  Shield Battery  
  81  8:55  Void Ray x2  
  81  8:56  Void Ray  
  93  9:12  Void Ray  
  93  9:13  Void Ray  
  101  9:38  Void Ray x2  
  109  9:50  Pylon  
  109  9:52  Void Ray  
  113  10:00  Assimilator  
  113  10:02  Assimilator  
  113  10:11  Void Ray  
  117  10:20  Fleet Beacon  
  117  10:25  Probe  
  118  10:29  Probe  
  118  10:33  Void Ray, Probe  
  123  10:41  Probe x2  
  125  10:44  Void Ray  
  130  10:53  Probe  
  131  11:01  Void Ray  
  135  11:17  Twilight Council  
  135  11:23  Pylon  
  135  11:31  Pylon  
  135  11:33  Pylon  
  135  11:34  Void Ray  
  135  11:35  Pylon  
  135  11:38  Pylon  
  139  11:40  Void Ray  
  139  11:41  Void Ray  
  147  12:01  Void Ray x2  
  155  12:16  Unknown  
  155  12:17  Void Ray  
  127  13:09  Void Ray x2  
  127  13:10  Void Ray  
  127  13:18  Void Ray x2  
Show
View Real Time Build Order
Export as new Build Order

bardock Terran 

Build Orders:  

Get SALT Encoding   

  12  0:21  Supply Depot  
  12  0:32  Refinery  
  12  0:36  Refinery  
  12  0:49  Barracks  
  12  0:52  Supply Depot  
  12  1:15  Supply Depot  
  12  1:41  Barracks Reactor  
  12  1:43  Barracks  
  12  1:47  Orbital Command  
  12  2:21  Marine x2  
  14  2:39  Marine x2  
  16  2:48  Barracks Tech Lab  
  16  2:57  Marine, Factory  
  17  2:58  SCV  
  18  3:10  SCV  
  19  3:19  Ghost Academy  
  19  3:47  Factory Tech Lab  
  19  3:50  Starport  
  19  4:06  Nuke  
  19  4:49  Personal Cloaking  
  19  5:01  Starport Tech Lab  
  19  5:02  Command Center  
  19  5:11  Siege Tank  
  22  5:23  Ghost  
  24  5:34  SCV  
  25  5:46  SCV  
  26  5:58  SCV  
  27  6:11  SCV  
  28  6:17  Refinery  
  28  6:23  Orbital Command, SCV  
  29  6:32  Refinery  
  29  6:35  SCV  
  30  6:47  SCV  
  29  7:23  Marine x2  
  29  7:24  Marine, Starport  
  29  7:28  SCV  
  33  7:40  SCV  
  33  7:41  Marine x2  
  36  7:52  SCV  
  37  8:05  SCV  
  38  8:14  Starport  
  38  8:17  SCV  
  39  8:23  Widow Mine  
  41  8:29  SCV  
  41  8:30  Raven  
  44  8:42  Supply Depot  
  44  8:44  Widow Mine  
  46  8:52  Starport  
  46  9:04  Supply Depot  
  46  9:06  Widow Mine  
  48  9:21  Starport Tech Lab x2  
  48  9:27  Widow Mine  
  50  9:35  Fusion Core  
  50  9:48  Widow Mine  
  52  10:10  Widow Mine  
  54  10:15  SCV  
  55  10:26  Supply Depot  
  55  10:27  SCV  
  56  10:31  Widow Mine  
  58  10:39  SCV  
  58  10:42  Command Center  
  59  10:51  SCV  
  59  10:53  Widow Mine  
  62  11:04  SCV  
  63  11:05  Battlecruiser  
  63  11:06  Battlecruiser x2  
  63  11:07  Starport Tech Lab  
  81  11:14  Widow Mine  
  83  11:23  Supply Depot  
  83  11:31  SCV  
  84  11:35  Widow Mine  
  86  11:43  SCV  
  86  11:46  SCV  
  88  11:55  SCV  
  88  11:56  Refinery x2  
  88  11:58  SCV  
  90  12:07  SCV  
  91  12:10  SCV  
  98  12:20  SCV  
  98  12:22  SCV  
  83  12:32  SCV  
  83  12:34  SCV  
Tags
 
Add a new tag
Caveats
  • Supply blocks, unpowered buildings, or Contaminate may cause inaccurate times.
  • Supply counts are checked every 10 seconds.